[Event "Titled Tuesday Blitz June 13 Early 2023"]
[White "Koshulyan, Egor A."]
[Black "Fernandez Siles, Luis"]
[WhiteFideId "24237000"]
[BlackFideId "2209420"]
[WhiteElo "2216"]
[BlackElo "2195"]
[Result "1-0"]
[Round "1"]
[TimeControl "180+2"]
[Date "2023.06.13"]
[WhiteClock "0:01:03"]
[BlackClock "0:00:00"]
[Board "136"]

1. e4 c5 2. Nf3 Nc6 3. d4 cxd4 4. Nxd4 Nf6 5. Nc3 e5 6. Ndb5 d6 7. Bg5 a6 8. Na3 b5 9. Nd5 Be7 10. Bxf6 Bxf6 11. c3 O-O 12. Nc2 Rb8 13. a4 bxa4 14. Ncb4 Nxb4 15. cxb4 Bb7 16. Rxa4 Bxd5 17. Qxd5 Qd7 18. Qd1 Qb7 19. Bd3 Rfc8 20. O-O Rc6 21. b3 Rb6 22. Bc2 Rxb4 23. Qxd6 Rxa4 24. bxa4 a5 25. h3 Qb4 26. Qc7 Qb6 27. Qc4 Bh4 28. Qd5 Qc7 29. Bb3 Rd8 30. Qb5 g6 31. g3 Be7 32. Bd5 Bc5 33. Kg2 Qe7 34. Qc4 Bd4 35. Rb1 Qa7 36. Rb7 Qc5 37. Bxf7+ Kh8 38. Qe6 1-0


[Site "https://www.chess.com"]

[Event "Titled Tuesday Blitz June 13 Early 2023"]
[White "ChawitAp"]
[Black "Sadykov, Ramil"]
[BlackFideId "24113590"]
[WhiteElo "2355"]
[BlackElo "2245"]
[Result "0-1"]
[Round "1"]
[TimeControl "180+2"]
[Date "2023.06.13"]
[WhiteClock "0:02:13"]
[BlackClock "0:01:30"]
[Board "137"]

1. d4 Nf6 2. c3 d6 3. Nf3 Bg4 4. Bg5 Nbd7 5. Nbd2 e5 6. Qb3 Rb8 7. e3 Be7 8. h3 Bxf3 9. Nxf3 e4 10. Nd2 O-O 11. c4 c6 12. Be2 Qa5 13. Qc3 Qxg5 14. g4 Qh4 15. O-O-O d5 16. Rdg1 Qxf2 17. Bd1 c5 18. h4 cxd4 19. Qxd4 Bc5 0-1


[Site "https://www.chess.com"]

[Event "Titled Tuesday Blitz June 13 Early 2023"]
[White "Silva, Caio Henrique Angelico"]
[Black "crosky"]
[WhiteFideId "22777210"]
[WhiteElo "2096"]
[BlackElo "2355"]
[Result "0-1"]
[Round "1"]
[TimeControl "180+2"]
[Date "2023.06.13"]
[WhiteClock "0:00:09"]
[BlackClock "0:00:17"]
[Board "138"]

1. Nf3 Nf6 2. g3 b5 3. Bg2 Bb7 4. b3 c5 5. Bb2 e6 6. O-O Be7 7. c4 b4 8. d4 O-O 9. dxc5 Bxc5 10. Nbd2 d6 11. Qc2 Nbd7 12. Rad1 Qb6 13. e3 Ng4 14. Ne4 Bxe3 15. fxe3 Nxe3 16. Qf2 Bxe4 17. Bd4 Nxd1 18. Rxd1 Nc5 19. Be3 a5 20. Nd4 Bxg2 21. Qxg2 a4 22. Nb5 axb3 23. axb3 Rfd8 24. Qf2 Qc6 25. Nd4 Qe4 26. Re1 Nd3 27. Qc2 Ra2 28. Qxa2 Nxe1 29. Qd2 Qxd4 30. Qxe1 Qd3 31. Bf2 Qxb3 32. c5 dxc5 33. Qe5 Qd1+ 34. Kg2 Qd5+ 35. Qxd5 Rxd5 36. Kf3 c4 37. Kg2 c3 0-1


[Site "https://www.chess.com"]

[Event "Titled Tuesday Blitz June 13 Early 2023"]
[White "Rosenberg, Evan S"]
[Black "MaryanKyrychenko"]
[WhiteFideId "2019299"]
[WhiteElo "2352"]
[BlackElo "2647"]
[Result "1-0"]
[Round "1"]
[TimeControl "180+2"]
[Date "2023.06.13"]
[WhiteClock "0:00:20"]
[BlackClock "0:00:10"]
[Board "139"]

1. d4 g6 2. e4 Bg7 3. Nc3 d6 4. Nf3 Bg4 5. Be2 Nc6 6. Be3 Bxf3 7. Bxf3 e5 8. Ne2 Nf6 9. c3 O-O 10. O-O Re8 11. Ng3 h5 12. Bg5 Qd7 13. d5 Ne7 14. c4 b6 15. Re1 a5 16. Qd2 Kh7 17. b3 Nfg8 18. Rac1 f6 19. Be3 Bh6 20. a3 Bxe3 21. Qxe3 Nh6 22. b4 axb4 23. axb4 h4 24. Nf1 f5 25. exf5 gxf5 26. Qg5 Rg8 27. Qxh4 Ng6 28. Qf6 Raf8 29. Qe6 Qxe6 30. dxe6 Nf4 31. Rc2 Nxe6 32. Bd5 Rg6 33. Bxe6 Rxe6 34. c5 bxc5 35. bxc5 d5 36. c6 f4 37. Rc5 Rd8 38. Nd2 Nf5 39. Nf3 Kg7 40. Rxe5 Rxe5 41. Nxe5 d4 42. Nd3 Ne7 43. Kf1 Rd6 44. Nxf4 d3 45. Ke1 d2+ 46. Kd1 Nxc6 47. Rc2 Nd4 48. Rxd2 c5 49. Ne2 Ra6 50. Nxd4 Ra1+ 51. Ke2 cxd4 52. Rxd4 Ra2+ 53. Rd2 Ra4 54. Ke3 Kf6 55. h3 Kg5 56. g3 Ra3+ 57. Rd3 Ra2 58. f4+ Kf5 59. g4+ Kf6 60. Kf3 Rh2 61. Kg3 Re2 62. Rd6+ Kg7 63. g5 Re3+ 64. Kg4 Kf7 65. h4 Kg7 66. h5 Re1 67. h6+ Kh8 68. Rd7 Kg8 69. g6 Kf8 70. Rf7+ Kg8 71. h7+ Kh8 72. Rf8+ Kg7 73. h8=Q+ Kxg6 74. Qf6+ 1-0


[Site "https://www.chess.com"]

[Event "Titled Tuesday Blitz June 13 Early 2023"]
[White "Veiga, Jose Francisco R P Neves"]
[Black "FromTexas54"]
[WhiteFideId "1930087"]
[WhiteElo "2319"]
[BlackElo "2349"]
[Result "1-0"]
[Round "1"]
[TimeControl "180+2"]
[Date "2023.06.13"]
[WhiteClock "0:00:07"]
[BlackClock "0:00:00"]
[Board "140"]

1. c4 Nf6 2. Nc3 g6 3. e4 d6 4. g3 Bg7 5. Bg2 O-O 6. Nge2 c6 7. O-O Nbd7 8. d4 e5 9. h3 a5 10. Be3 exd4 11. Nxd4 Nc5 12. Qc2 a4 13. b4 axb3 14. axb3 Rxa1 15. Rxa1 Re8 16. Rd1 Qa5 17. Bd2 Qb6 18. Be3 Qa5 19. Nde2 Qb4 20. Rxd6 Ncxe4 21. Nxe4 Nxe4 22. Rd1 Nc5 23. Bxc5 Qxc5 24. Nc3 Bf5 25. Ne4 Qe5 26. Re1 Qd4 27. g4 Be6 28. Rd1 Qe5 29. Nd6 Rb8 30. Qe4 Qxe4 31. Bxe4 Be5 32. Kg2 Kf8 33. Bf3 Ke7 34. Ne4 b5 35. Nc5 bxc4 36. Nxe6 Kxe6 37. bxc4 Rb2 38. Bxc6 f5 39. Bd5+ Kf6 40. gxf5 gxf5 41. c5 Rc2 42. c6 Bc7 43. Rd3 Bb6 44. Rf3 Ke5 45. Bg8 Rxc6 46. Bxh7 Rf6 47. h4 f4 48. Kh3 Bd4 49. Bd3 Kd5 50. h5 Be5 51. Kg4 Ke6 52. Kg5 Rf8 53. Bc4+ Ke7 54. h6 Bf6+ 55. Kg6 Be5 56. h7 Rf6+ 57. Kg5 Rf8 58. Ra3 1-0


[Site "https://www.chess.com"]

[Event "Titled Tuesday Blitz June 13 Early 2023"]
[White "Chuemsakul, Sarocha"]
[Black "Jain Kashish Manoj"]
[WhiteFideId "6203710"]
[BlackFideId "35081098"]
[WhiteElo "1686"]
[BlackElo "2181"]
[Result "1-0"]
[Round "1"]
[TimeControl "180+2"]
[Date "2023.06.13"]
[WhiteClock "0:00:08"]
[BlackClock "0:00:00"]
[Board "141"]

1. d4 Nf6 2. c4 c5 3. d5 b5 4. cxb5 a6 5. bxa6 g6 6. Nc3 Bg7 7. e4 O-O 8. Nf3 Qa5 9. Bd2 Bxa6 10. Bxa6 Qxa6 11. Qe2 e6 12. Qxa6 Nxa6 13. O-O exd5 14. exd5 Nb4 15. d6 Nd3 16. Rab1 Ne8 17. Be3 Nxd6 18. Rfd1 c4 19. Nd5 Rfb8 20. b3 Rxa2 21. bxc4 Rxb1 22. Rxb1 Ra1 23. Rxa1 Bxa1 24. Nb6 f6 25. c5 Ne4 26. Nxd7 Kf7 27. c6 Ke7 28. Nd4 Nd6 29. Nb6 Ne5 30. c7 1-0


[Site "https://www.chess.com"]

[Event "Titled Tuesday Blitz June 13 Early 2023"]
[White "Ovetchkin, Roman"]
[Black "Mayaud, Raphael"]
[WhiteFideId "4119991"]
[BlackFideId "627151"]
[WhiteElo "2398"]
[BlackElo "2191"]
[Result "1-0"]
[Round "1"]
[TimeControl "180+2"]
[Date "2023.06.13"]
[WhiteClock "0:00:36"]
[BlackClock "0:00:00"]
[Board "142"]

1. d4 Nf6 2. c4 c5 3. d5 b5 4. cxb5 a6 5. bxa6 g6 6. Nc3 Bg7 7. e4 O-O 8. e5 Ne8 9. Nf3 d6 10. h4 dxe5 11. h5 Qb6 12. hxg6 fxg6 13. d6 Qxd6 14. Qb3+ e6 15. Ng5 h6 16. Nge4 Qd4 17. Be3 Qb4 18. Bxc5 Qxb3 19. axb3 Rf7 20. a7 Nc6 21. Bb5 Bb7 22. b4 Nc7 23. Nd6 Nxb5 24. Ncxb5 Rd7 25. Nxb7 Rxb7 26. Nd6 Rd7 27. b5 Nd4 28. Bxd4 exd4 29. b6 Be5 30. Nc4 Bf4 31. g3 Bg5 32. f4 Be7 33. Kd2 Bb4+ 34. Kd3 Bc5 35. Rxh6 Kg7 36. Rah1 Kf6 37. g4 e5 38. Ke4 exf4 39. Kxf4 d3 40. g5+ Ke6 41. Rxg6+ Kd5 42. Ne5 Re7 43. Nxd3 Kc4 44. Ne5+ 1-0


[Site "https://www.chess.com"]

[Event "Titled Tuesday Blitz June 13 Early 2023"]
[White "Shapiro, Daniel"]
[Black "Zochowski, Kacper"]
[WhiteFideId "2001780"]
[BlackFideId "1125494"]
[WhiteElo "2345"]
[BlackElo "2235"]
[Result "0-1"]
[Round "1"]
[TimeControl "180+2"]
[Date "2023.06.13"]
[WhiteClock "0:00:00"]
[BlackClock "0:01:09"]
[Board "143"]

1. d4 d6 2. e4 Nf6 3. Nc3 e5 4. Nge2 Nbd7 5. h3 Be7 6. g4 O-O 7. Bg2 c6 8. a4 Qc7 9. a5 Rb8 10. Be3 b5 11. axb6 axb6 12. O-O b5 13. Ng3 b4 14. Nce2 g6 15. f4 exd4 16. Bxd4 c5 17. Be3 Bb7 18. g5 Ne8 19. h4 d5 20. exd5 Nd6 21. f5 Nc4 22. Bc1 Ra8 23. Rxa8 Rxa8 24. b3 Nd6 25. h5 Ra1 26. Qd3 Ba6 27. Qf3 Ne5 28. Qf4 Ne8 29. fxg6 hxg6 30. hxg6 fxg6 31. d6 Bxd6 32. Bd5+ Kg7 33. Kg2 Qe7 34. Rh1 Bb7 35. Bxb7 Qxb7+ 36. Kf2 Nd3+ 37. cxd3 Bxf4 38. Bxf4 Rxh1 0-1


[Site "https://www.chess.com"]

[Event "Titled Tuesday Blitz June 13 Early 2023"]
[White "Asavasaetakul, Chawit"]
[Black "Slavin, Alexey"]
[WhiteFideId "6204856"]
[BlackFideId "24104388"]
[WhiteElo "1919"]
[BlackElo "2264"]
[Result "0-1"]
[Round "1"]
[TimeControl "180+2"]
[Date "2023.06.13"]
[WhiteClock "0:00:25"]
[BlackClock "0:00:37"]
[Board "144"]

1. e4 Nc6 2. Nf3 d6 3. Nc3 Nf6 4. Bc4 Bg4 5. h3 Bh5 6. d3 e5 7. Bg5 Be7 8. g4 Bg6 9. Nh4 Nxe4 10. Bxe7 Nxc3 11. Bxd8 Nxd1 12. Bxc7 Nxb2 13. Bb3 Kd7 14. Bxd6 Kxd6 15. Nxg6 hxg6 16. Rb1 Nxd3+ 17. cxd3 f6 18. Bf7 g5 19. Rxb7 Nd8 20. Bd5 Nxb7 21. Bxb7 Rab8 22. Bf3 Rb1+ 23. Bd1 Ra1 24. a4 Rb8 25. Kd2 Rb2+ 26. Ke3 Rbb1 27. Kd2 Kc5 28. Re1 a5 29. Ke2 Kd4 30. Rg1 Rxd1 31. Rxd1 Rxd1 32. Kxd1 Kxd3 33. Ke1 Kc3 34. Ke2 Kb4 35. Ke3 Kxa4 36. Ke4 Kb3 37. Kf5 a4 38. Kg6 a3 39. Kxg7 a2 40. Kxf6 a1=Q 41. Kxg5 Qf1 42. h4 Qxf2 43. Kh5 Qf7+ 44. Kh6 e4 45. g5 e3 46. g6 Qg8 0-1


[Site "https://www.chess.com"]

[Event "Titled Tuesday Blitz June 13 Early 2023"]
[White "Bintang, Rasyid A. Hidayat"]
[Black "Eugene, Floryan"]
[WhiteFideId "7105355"]
[BlackFideId "20694784"]
[WhiteElo "2343"]
[BlackElo "2369"]
[Result "0-1"]
[Round "1"]
[TimeControl "180+2"]
[Date "2023.06.13"]
[WhiteClock "0:00:16"]
[BlackClock "0:00:16"]
[Board "145"]

1. d4 f5 2. Bf4 Nf6 3. e3 d6 4. Nd2 g6 5. h4 Bg7 6. h5 gxh5 7. Rxh5 Nxh5 8. Qxh5+ Kf8 9. Ngf3 Qe8 10. Qh2 Nc6 11. O-O-O e5 12. dxe5 dxe5 13. Bh6 Qg6 14. Bxg7+ Qxg7 15. Bb5 e4 16. Bxc6 bxc6 17. Nd4 c5 18. Nb5 Rb8 19. Qxc7 Qxc7 20. Nxc7 Kf7 21. Nc4 Be6 22. Nd6+ Ke7 23. Nxe6 Kxe6 24. Nc4 Rbd8 25. Rh1 h5 26. b3 h4 27. a4 Rdg8 28. Rh2 Rg4 29. Na3 a6 30. Nc4 Rhg8 31. Kb2 R8g6 32. f4 Rh6 33. Ne5 Rg8 34. Kc3 Rd8 35. Nc4 Rd1 36. b4 cxb4+ 37. Kxb4 Kd5 38. Kc3 Rc6 39. Kb2 Rxc4 40. Rxh4 Rb4+ 41. Kc3 Rc4+ 42. Kb3 Rd2 43. Rh8 Rcxc2 44. Rd8+ Ke6 45. Re8+ Kf7 46. Rf8+ 0-1


[Site "https://www.chess.com"]

[Event "Titled Tuesday Blitz June 13 Early 2023"]
[White "Chen, Justin"]
[Black "Bashirli, Saadat"]
[WhiteFideId "2098199"]
[BlackFideId "13429990"]
[WhiteElo "2289"]
[BlackElo "1408"]
[Result "1-0"]
[Round "1"]
[TimeControl "180+2"]
[Date "2023.06.13"]
[WhiteClock "0:00:17"]
[BlackClock "0:00:09"]
[Board "146"]

1. d4 d5 2. c4 e6 3. Nc3 c6 4. e4 dxe4 5. Nxe4 Bb4+ 6. Bd2 Qxd4 7. Bxb4 Qxe4+ 8. Be2 Na6 9. Ba5 b6 10. Bc3 Qxg2 11. Bf3 Qg6 12. Bxc6+ Ke7 13. Bxa8 Nh6 14. Qf3 Bd7 15. Be4 f5 16. Bc2 Rc8 17. O-O-O Bc6 18. Qd3 Ng4 19. Nh3 Nc5 20. Qd6+ Kf7 21. Rhg1 Qh6+ 22. Nf4 Nxf2 23. Rxg7+ Qxg7 24. Bxg7 Nxd1 25. Bxd1 Kxg7 26. Qe7+ Kg8 27. Nxe6 Nxe6 28. Qxe6+ Kg7 29. Qxc8 Be4 30. Qc7+ Kg6 31. Qxa7 Kg5 32. Qxb6 Kf4 33. c5 h5 34. c6 h4 35. c7 h3 36. c8=Q Bd3 37. Qcc7+ Kg5 38. Qe3+ f4 39. Qcxf4+ Kg6 40. Qe6+ Kg7 41. Qfh6# 1-0


[Site "https://www.chess.com"]

[Event "Titled Tuesday Blitz June 13 Early 2023"]
[White "Georg, Heinz"]
[Black "Agibileg, Uurtsaikh"]
[WhiteFideId "4607295"]
[BlackFideId "4901606"]
[WhiteElo "2340"]
[BlackElo "2353"]
[Result "0-1"]
[Round "1"]
[TimeControl "180+2"]
[Date "2023.06.13"]
[WhiteClock "0:00:00"]
[BlackClock "0:00:35"]
[Board "147"]

1. e4 c5 2. Nf3 e6 3. b3 Nf6 4. e5 Nd5 5. c4 Nc7 6. Bb2 Nc6 7. d4 cxd4 8. Nxd4 Nxe5 9. Nxe6 dxe6 10. Qxd8+ Kxd8 11. Bxe5 f6 12. Bc3 e5 13. g3 Bd7 14. Bg2 Bc6 15. Bxc6 bxc6 16. Nd2 a5 17. Ne4 Bb4 18. O-O-O+ Ke7 19. Kc2 Ne6 20. Rd3 Rhd8 21. Rhd1 Bxc3 22. Rxd8 Nxd8 23. Kxc3 Ne6 24. c5 Nd4 25. Kc4 Rb8 26. Nd6 Ke6 27. f4 Rb4+ 28. Kc3 Kd5 29. fxe5 fxe5 30. Nc4 Rb5 31. Re1 Nf3 32. Re3 e4 33. Nb6+ Kxc5 34. Nd7+ Kd6 35. Nf8 Rc5+ 36. Kb2 Kd5 37. Nxh7 Kd4 38. Re2 Kd3 39. Rg2 e3 0-1


[Site "https://www.chess.com"]

[Event "Titled Tuesday Blitz June 13 Early 2023"]
[White "Arabidze, Meri"]
[Black "Gertler, David"]
[WhiteFideId "13604040"]
[BlackFideId "2017377"]
[WhiteElo "2405"]
[BlackElo "2336"]
[Result "1-0"]
[Round "1"]
[TimeControl "180+2"]
[Date "2023.06.13"]
[WhiteClock "0:01:48"]
[BlackClock "0:00:19"]
[Board "148"]

1. d4 Nf6 2. c4 Nc6 3. d5 Ne5 4. e4 e6 5. Nc3 Bb4 6. Qd4 d6 7. f3 Qe7 8. Be3 Bc5 9. Qd2 Bxe3 10. Qxe3 exd5 11. cxd5 O-O 12. Bb5 c5 13. Nge2 a6 14. Bd3 b5 15. O-O Bd7 16. Ng3 b4 17. Nce2 c4 18. Bc2 Rfe8 19. Nd4 g6 20. Rae1 Bb5 21. h3 c3 22. Nxb5 axb5 23. bxc3 Ra3 24. Bb3 bxc3 25. f4 Nc4 26. Qxc3 Qa7+ 27. Kh2 Qc5 28. Qxf6 1-0


[Site "https://www.chess.com"]

[Event "Titled Tuesday Blitz June 13 Early 2023"]
[White "drdaro"]
[Black "Miranda, Rafael"]
[BlackFideId "130990"]
[WhiteElo "2329"]
[BlackElo "2204"]
[Result "0-1"]
[Round "1"]
[TimeControl "180+2"]
[Date "2023.06.13"]
[WhiteClock "0:00:00"]
[BlackClock "0:00:17"]
[Board "149"]

1. d4 Nf6 2. Nf3 d5 3. c4 e6 4. g3 Be7 5. Bg2 O-O 6. O-O c6 7. Qc2 b6 8. b3 Bb7 9. Nc3 Nbd7 10. Rd1 Qc8 11. Bb2 c5 12. cxd5 Nxd5 13. Nxd5 Bxd5 14. e4 Bb7 15. d5 exd5 16. exd5 Rd8 17. Nd2 Nf6 18. Nc4 Bxd5 19. Bxf6 Bxf6 20. Bxd5 Rxd5 21. Rxd5 Bxa1 22. Qe4 Bd4 23. Nd6 Qe6 24. Qf3 Rd8 25. Nf5 Rxd5 26. Qxd5 Qe1+ 27. Kg2 Qxf2+ 28. Kh3 Qf1+ 29. Kg4 h5+ 30. Kh4 Bf6+ 31. Kxh5 Qxf5+ 0-1


[Site "https://www.chess.com"]

[Event "Titled Tuesday Blitz June 13 Early 2023"]
[White "Schnaider, Ilan"]
[Black "Rian, Kapriaga"]
[WhiteFideId "169013"]
[BlackFideId "7103263"]
[WhiteElo "2224"]
[BlackElo "2328"]
[Result "0-1"]
[Round "1"]
[TimeControl "180+2"]
[Date "2023.06.13"]
[WhiteClock "0:00:59"]
[BlackClock "0:00:07"]
[Board "150"]

1. e4 c6 2. Nc3 d5 3. Nf3 dxe4 4. Nxe4 Nf6 5. Qe2 Nxe4 6. Qxe4 Qd5 7. Qh4 Bf5 8. Bc4 Qd6 9. d3 e6 10. Bf4 Qb4+ 11. Bd2 Qb6 12. O-O Nd7 13. Qg3 Bg6 14. Rfe1 Be7 15. Bc3 O-O 16. h4 Bf6 17. Ng5 Bxc3 18. bxc3 Rae8 19. Rab1 Qa5 20. Rxb7 Nc5 21. d4 Nxb7 22. Re3 Rd8 23. Be2 Nd6 24. Qh3 h6 25. Nf3 Bf5 26. Qg3 Bxc2 27. Ne5 Nf5 28. Qf4 Nxe3 29. Nxc6 Qxc3 30. Ne7+ Kh8 31. fxe3 Qe1+ 32. Bf1 Bd3 33. Nc6 Be2 34. Ne5 Qxf1+ 35. Qxf1 Bxf1 36. Kxf1 Rb8 37. Nd7 Kg8 38. Kf2 Rb2+ 39. Kf3 Rxa2 40. e4 Rd2 41. Ne5 Rxd4 42. Nc6 Rd3+ 43. Kf4 Rc3 44. Nd4 Rc5 45. Nb3 e5+ 46. Kf5 Rb5 47. Nd2 a5 48. Nc4 a4 49. Nd6 Ra5 50. Nc4 a3 51. Nxa5 a2 52. Nb3 Rb8 53. Na1 Rb1 54. Nc2 Rc1 55. Ne3 a1=Q 56. Nd5 Qd4 57. Ne7+ Kf8 58. Nd5 Rf1+ 59. Nf4 Rxf4# 0-1


[Site "https://www.chess.com"]

[Event "Titled Tuesday Blitz June 13 Early 2023"]
[White "Korpics, Zsolt"]
[Black "Belov, Alexei"]
[WhiteFideId "705241"]
[BlackFideId "4128206"]
[WhiteElo "2328"]
[BlackElo "2633"]
[Result "0-1"]
[Round "1"]
[TimeControl "180+2"]
[Date "2023.06.13"]
[WhiteClock "0:00:10"]
[BlackClock "0:00:26"]
[Board "151"]

1. e4 e6 2. d4 d5 3. Bd3 dxe4 4. Bxe4 Nf6 5. Bf3 c5 6. Ne2 Nc6 7. Be3 cxd4 8. Nxd4 Ne5 9. O-O a6 10. Be2 Qc7 11. Nd2 Nd5 12. N2f3 Nxe3 13. fxe3 Bd6 14. Nxe5 Bxe5 15. h3 O-O 16. Bd3 g6 17. c3 Bd7 18. Qf3 Rad8 19. Rae1 Bg7 20. h4 e5 21. Nb3 Bc6 22. e4 f5 23. Qe3 Qe7 24. exf5 gxf5 25. Rxf5 Rxf5 26. Bxf5 Qxh4 27. Rf1 Kh8 28. Qh3 Qxh3 29. gxh3 Rf8 30. Bg4 Rxf1+ 31. Kxf1 Kg8 32. Ke2 Kf7 33. Nc5 Ke7 34. Ne6 Bh6 35. Nc5 Kd6 36. Nb3 Bb5+ 37. Kf2 Kd5 38. Nd2 Bxd2 39. Bf3+ e4 0-1


[Site "https://www.chess.com"]

[Event "Titled Tuesday Blitz June 13 Early 2023"]
[White "Vlassov, Nikolai"]
[Black "De La Villa Garcia, Jesus Maria"]
[WhiteFideId "4103360"]
[BlackFideId "2200040"]
[WhiteElo "2324"]
[BlackElo "2324"]
[Result "1-0"]
[Round "1"]
[TimeControl "180+2"]
[Date "2023.06.13"]
[WhiteClock "0:01:27"]
[BlackClock "0:02:00"]
[Board "152"]

1. e4 c5 2. c3 Nf6 3. e5 Nd5 4. d4 cxd4 5. cxd4 d6 6. Bc4 Nb6 7. Bb3 Nc6 8. e6 Bxe6 9. d5 Bd7 10. dxc6 bxc6 11. Nf3 e5 12. O-O Be7 13. Nc3 O-O 14. Re1 Kh8 15. h4 f6 16. h5 d5 17. Nh4 f5 18. Ng6+ 1-0


[Site "https://www.chess.com"]

[Event "Titled Tuesday Blitz June 13 Early 2023"]
[White "MunichMouse"]
[Black "Fiorito, Joaquin"]
[BlackFideId "180173"]
[WhiteElo "2323"]
[BlackElo "2199"]
[Result "0-1"]
[Round "1"]
[TimeControl "180+2"]
[Date "2023.06.13"]
[WhiteClock "0:00:00"]
[BlackClock "0:00:08"]
[Board "153"]

1. d4 Nf6 2. c4 e6 3. Nf3 d5 4. g3 Bb4+ 5. Bd2 a5 6. Nc3 O-O 7. c5 b6 8. a3 Bxc3 9. Bxc3 Ne4 10. cxb6 cxb6 11. e3 Ba6 12. Bxa6 Nxa6 13. O-O Rc8 14. Qd3 Nc7 15. Rfc1 Qf6 16. Kg2 Qf5 17. Qe2 Ne8 18. Ne5 N8d6 19. Nd7 Rfd8 20. Nxb6 Rb8 21. Na4 h5 22. Bxa5 Rdc8 23. Bc7 Rxc7 24. Rxc7 Ng5 25. f3 Qh3+ 26. Kg1 h4 27. g4 Nxf3+ 28. Kh1 Ne4 29. Rg1 Ng3+ 30. Rxg3 hxg3 31. Qg2 Qxh2+ 32. Qxh2 gxh2 33. Rc2 Rb3 34. Nc3 f5 35. a4 fxg4 36. a5 Rb8 37. Kg2 Kf7 38. Rc1 Rh8 39. Ne2 Ke7 40. Ng3 Kd6 41. Nh1 Ra8 42. b4 Rb8 43. Rb1 Kc6 44. a6 Kb6 45. b5 Rc8 46. Rb2 Rc3 0-1


[Site "https://www.chess.com"]

[Event "Titled Tuesday Blitz June 13 Early 2023"]
[White "Altman, Joshua"]
[Black "Valle Maytin, Luis Enrique"]
[WhiteFideId "426210"]
[BlackFideId "3503666"]
[WhiteElo "2028"]
[BlackElo "2225"]
[Result "1-0"]
[Round "1"]
[TimeControl "180+2"]
[Date "2023.06.13"]
[WhiteClock "0:00:59"]
[BlackClock "0:00:17"]
[Board "154"]

1. d4 d5 2. c4 e6 3. Nc3 Nf6 4. cxd5 exd5 5. Bg5 c6 6. Qc2 Be7 7. e3 Be6 8. Bd3 h6 9. Bh4 Nbd7 10. Nge2 Qc7 11. Bg3 Qa5 12. h3 O-O 13. O-O Rae8 14. a3 a6 15. Nf4 Qd8 16. Nxe6 fxe6 17. Bg6 Nb6 18. Bxe8 Qxe8 19. e4 Nh5 20. Bh2 Qg6 21. Qe2 Bf6 22. e5 Bd8 23. Rad1 Nf4 24. Bxf4 Rxf4 25. Qe3 Bg5 26. Qg3 Nc4 27. b3 Nxa3 28. Ne2 Qf5 29. Nxf4 Bxf4 30. Qf3 Qg6 31. Qxf4 1-0


[Site "https://www.chess.com"]

[Event "Titled Tuesday Blitz June 13 Early 2023"]
[White "babbilator"]
[Black "Orlov, Georgi"]
[BlackFideId "2011271"]
[WhiteElo "2317"]
[BlackElo "2626"]
[Result "0-1"]
[Round "1"]
[TimeControl "180+2"]
[Date "2023.06.13"]
[WhiteClock "0:00:00"]
[BlackClock "0:00:46"]
[Board "155"]

1. e4 e6 2. Nc3 b6 3. d4 Bb7 4. Nf3 Bb4 5. Bd3 Nf6 6. Qe2 d5 7. exd5 Qxd5 8. O-O Bxc3 9. bxc3 Nbd7 10. a4 Qh5 11. Ne5 Qxe2 12. Bxe2 Nxe5 13. dxe5 Nd7 14. f4 a5 15. Ba3 Ba6 16. Bf3 O-O-O 17. Rfd1 Bb7 18. Be2 Nb8 19. Be7 Rd7 20. Rxd7 Kxd7 21. Bh4 Bc6 22. Kf2 Kc8 23. g4 h6 24. Kg3 Re8 25. Kf2 Nd7 26. Ke3 Nc5 27. Bb5 Bxb5 28. axb5 Rg8 29. Rd1 g5 30. fxg5 hxg5 31. Bg3 Na4 32. Be1 Nb2 33. Rd4 Rd8 0-1


[Site "https://www.chess.com"]

[Event "Titled Tuesday Blitz June 13 Early 2023"]
[White "Haug, Havard"]
[Black "Rodriguez Santiago, Jaime"]
[WhiteFideId "1547887"]
[BlackFideId "3100898"]
[WhiteElo "2396"]
[BlackElo "2025"]
[Result "1-0"]
[Round "1"]
[TimeControl "180+2"]
[Date "2023.06.13"]
[WhiteClock "0:01:38"]
[BlackClock "0:00:22"]
[Board "156"]

1. e4 c6 2. d4 d5 3. exd5 cxd5 4. Bd3 Nc6 5. c3 Qc7 6. Na3 a6 7. Nc2 g6 8. h3 Bf5 9. Nf3 Bg7 10. O-O e6 11. Re1 Bxd3 12. Qxd3 Nge7 13. a4 O-O 14. Bd2 Rac8 15. Ne3 Nf5 16. Re2 Nd6 17. Rae1 Na5 18. Ng4 Ne4 19. Bh6 f6 20. Bxg7 Kxg7 21. Nd2 Nxd2 22. Qxd2 Rce8 23. Rxe6 Rxe6 24. Rxe6 Qd7 25. Qh6+ Kg8 26. Nxf6+ Rxf6 27. Rxf6 1-0


[Site "https://www.chess.com"]

[Event "Titled Tuesday Blitz June 13 Early 2023"]
[White "Garrido, Denis"]
[Black "Ezat, Mohamed"]
[WhiteFideId "601217"]
[BlackFideId "10600906"]
[WhiteElo "2312"]
[BlackElo "2372"]
[Result "1-0"]
[Round "1"]
[TimeControl "180+2"]
[Date "2023.06.13"]
[WhiteClock "0:00:46"]
[BlackClock "0:00:00"]
[Board "157"]

1. e4 e5 2. Nf3 Nc6 3. Nc3 Nf6 4. a4 Bb4 5. Bd3 Bxc3 6. dxc3 d5 7. exd5 Qxd5 8. Bb5 Qxd1+ 9. Kxd1 Bd7 10. Ke2 O-O-O 11. Bg5 a6 12. Bxc6 Bxc6 13. b3 h6 14. Bxf6 gxf6 15. Rad1 Be4 16. Rd2 Rxd2+ 17. Kxd2 Rg8 18. Ne1 Bxg2 19. Rg1 Rd8+ 20. Ke3 Bh3 21. Rg7 f5 22. Rxf7 Rd6 23. Nd3 e4 24. Nc5 b6 25. Rf8+ Rd8 26. Rxd8+ Kxd8 27. Nxa6 Kd7 28. Nb4 Kd6 29. c4 Ke5 30. Nd5 Kd6 31. b4 Bf1 32. c5+ 1-0


[Site "https://www.chess.com"]

[Event "Titled Tuesday Blitz June 13 Early 2023"]
[White "Wadsworth, Matthew J"]
[Black "Vifleemskaia, Svetlana"]
[WhiteFideId "415804"]
[BlackFideId "4129490"]
[WhiteElo "2347"]
[BlackElo "1930"]
[Result "1/2-1/2"]
[Round "1"]
[TimeControl "180+2"]
[Date "2023.06.13"]
[WhiteClock "0:00:10"]
[BlackClock "0:00:04"]
[Board "158"]

1. Nf3 Nf6 2. g3 b5 3. Bg2 Bb7 4. O-O e6 5. d3 Be7 6. e4 d6 7. Nd4 c6 8. a4 b4 9. a5 O-O 10. Nb3 Na6 11. N1d2 Qc7 12. Nc4 d5 13. Bf4 Qd8 14. Ne5 Nd7 15. Nxd7 Qxd7 16. d4 Rfd8 17. h4 dxe4 18. Bxe4 c5 19. Qf3 Bxe4 20. Qxe4 c4 21. Nc5 Nxc5 22. dxc5 Qd5 23. Qxd5 Rxd5 24. c6 Rc5 25. Ra4 Rxc6 26. Rd1 f6 27. Rd7 Kf8 28. a6 e5 29. Be3 Ke8 30. Rxa7 Rxa7 31. Bxa7 Rc8 32. Be3 Kd7 33. a7 Ra8 34. c3 Kc6 35. cxb4 Kb5 36. Ra5+ Kxb4 37. Bd2+ Kb3 38. Bc3 Bd6 39. Rb5+ Kc2 40. Rb7 Bc5 41. Rc7 Bxa7 42. Rxg7 Bd4 43. Rxh7 Ra1+ 44. Kg2 Bxc3 45. bxc3 Kxc3 46. Rc7 Kd3 47. h5 c3 48. h6 c2 49. h7 Ra8 50. Kf3 Kd2 51. Rd7+ Ke1 52. Rc7 Kd1 53. Ke4 c1=Q 54. Rxc1+ Kxc1 55. Kf5 Rh8 56. Kxf6 Rxh7 57. Kxe5 Rh2 58. f4 Rg2 59. f5 Rxg3 60. f6 Rf3 61. Ke6 Kd2 62. f7 Rxf7 63. Kxf7 1/2-1/2


[Site "https://www.chess.com"]

[Event "Titled Tuesday Blitz June 13 Early 2023"]
[White "Jiganchine, Roman"]
[Black "Kashlinskaya, Alina"]
[WhiteFideId "2603667"]
[BlackFideId "4198026"]
[WhiteElo "2307"]
[BlackElo "2383"]
[Result "0-1"]
[Round "1"]
[TimeControl "180+2"]
[Date "2023.06.13"]
[WhiteClock "0:00:06"]
[BlackClock "0:00:40"]
[Board "159"]

1. e4 c5 2. Nf3 d6 3. Bb5+ Nd7 4. a4 Nf6 5. Nc3 e6 6. O-O Be7 7. d4 cxd4 8. Qxd4 O-O 9. h3 Qc7 10. Be3 Nc5 11. Nd2 e5 12. Qb4 Be6 13. Nd5 Nxd5 14. exd5 Bxd5 15. a5 f5 16. Bc4 Bxc4 17. Qxc4+ Kh8 18. b4 f4 19. Bxc5 dxc5 20. b5 Rad8 21. Nf3 Bf6 22. Qe4 Rd7 23. a6 bxa6 24. Rxa6 Qb7 25. Qc6 e4 26. Nd2 Qxc6 27. bxc6 Rxd2 0-1


[Site "https://www.chess.com"]